 Dungeon Crawl Stone Soup version 0.19-a0-1170-g18f0c96 (webtiles) character file.

339349 Deemzul the Fencer (level 21, -4/173 HPs)
             Began as a Demonspawn Berserker on Aug 16, 2016.
             Was the Champion of Trog.
             Killed by divine providence
             ... invoked by a sphinx
              (12 damage)
             ... on level 5 of the Vaults.
             The game lasted 01:54:22 (43822 turns).

Deemzul the Fencer (Demonspawn Berserker)          Turns: 43822, Time: 01:54:26

Health: -4/173     AC: 51    Str: 31    XL:     21   Next: 4%
Magic:  29/29      EV: 19    Int: 15    God:    Trog [******]
Gold:   366        SH:  0    Dex: 20    Spells: 0 memorised, 20 levels left

rFire  . . .     SeeInvis .     r - +2 sword of Power
rCold  . . .     Gourm    .     M - +16 crystal plate armour of the Heron {+Fly rElec MR+}
rNeg   . . .     Faith    .     (shield currently unavailable)
rPois  +         Spirit   .     d - +2 hat
rElec  +         Dismiss  .     B - +1 cloak {MR+}
rCorr  .         Reflect  .     (gloves unavailable)
MR     ++++.     Harm     .     Z - +0 pair of boots of the Jabberwock {rF- Str+7 Int+5}
Stlth  .......... Clarity  +    h - amulet of regeneration
                                V - +3 ring of dexterity
                                s - +3 ring of evasion

@: no status effects
A: claws 3, fangs 1, hooves 2, horns 2, iridescent scales 3, blurry vision 1,
clarity, demonic guardian 3, fire resistance 1, ignite blood, low mp 1, magic
resistance 1, poison resistance, slow regeneration 1, strong 1, wild magic 3,
flame cloud immunity
a: Berserk, Trog's Hand, Brothers in Arms, Burn Spellbooks, Renounce Religion,
Evoke Flight
}: 2/15 runes: barnacled, gossamer


You were on level 5 of the Vaults.
You worshipped Trog.
Trog was exalted by your worship.
You were hungry.

You visited 9 branches of the dungeon, and saw 41 of its levels.
You visited 1 bazaar.
You also visited: Ossuary, Volcano and Wizlab.

You collected 3563 gold pieces.
You spent 3197 gold pieces at shops.

Inventory:

Hand Weapons
 r - the +2 sword of Power (weapon)
   (You found it on level 12 of the Dungeon)
 X - a +5 scimitar of flaming
Armour
 d - a +2 hat (worn)
 B - a +1 cloak of magic resistance (worn)
 H - a +1 pair of gloves of strength
 M - the +16 crystal plate armour of the Heron (worn) {+Fly rElec MR+}
   (You bought it in a shop on level 1 of the Shoals)

   It insulates you from electricity.
   It affects your resistance to hostile enchantments.
   It lets you fly.
 Z - the +0 pair of boots of the Jabberwock (worn) {rF- Str+7 Int+5}
   (You found it on level 9 of the Dungeon)

   It affects your strength (+7).
   It affects your intelligence (+5).
   It makes you vulnerable to fire.
Rods
 K - a +3 iron rod (9/9)
   (You took it off a deep elf elementalist on level 3 of the Elven Halls)
Jewellery
 h - an amulet of regeneration (around neck)
 s - a +3 ring of evasion (left claw)
 T - a +4 amulet of reflection
 V - a +3 ring of dexterity (right claw)
Wands
 g - a wand of digging (8/24)
 k - a wand of acid (6/15)
 n - a wand of enslavement (11/24)
 u - a wand of iceblast (10/15)
 J - a wand of acid (7/15)
 Q - a wand of paralysis (4/24)
Scrolls
 b - 2 scrolls of silence
 e - 34 scrolls of identify
 i - a scroll of enchant weapon
 l - 11 scrolls of remove curse
 m - 2 scrolls of vulnerability
 o - 5 scrolls of summoning
 z - 11 scrolls of teleportation
 F - 3 scrolls of fog
 G - 7 scrolls of fear
 Y - a scroll of magic mapping
Potions
 a - 10 potions of mutation
 f - a potion of invisibility
 j - 3 potions of cure mutation
 p - a potion of berserk rage
 t - 3 potions of might
 v - 7 potions of flight
 x - 6 potions of haste
 I - 12 potions of curing
 O - a potion of brilliance
 P - 3 potions of ambrosia
Miscellaneous
 D - a lamp of fire
 E - a disc of storms
 R - a phantom mirror
Comestibles
 c - 19 bread rations
 q - 31 fruits
 A - 3 meat rations
 W - 2 royal jellies


   Skills:
 * Level 16.8 Fighting
 + Level 19.6 Long Blades
 + Level 14.5 Armour
 + Level 14.9 Dodging
 + Level 14.9 Evocations


You had 20 spell levels left.
You didn't know any spells.

Dungeon Overview and Level Annotations

Branches:
Dungeon (15/15)            Temple (0/1) D:5            Lair (6/6) D:9
 Shoals (4/4) Lair:2       Spider (4/4) Lair:3        Slime (1/5) Lair:5
    Orc (2/2) D:9             Elf (3/3) Orc:2        Vaults (5/5) D:14
 Depths (1/5) D:15
  Crypt: Vaults:2-3

Altars:
Dithmenos
Makhleb
Xom
Jiyva

Shops:
D:4 }   D:5 [   D:8 %   D:9 [   Orc:1 ?   Orc:2 *%!!   Elf:3 :   Shoals:1 ?[*[
Shoals:4 ?}?*!   Vaults:1 =*:

Annotations:
D:12 Sonja
Shoals:3 exclusion: oklob plant
Elf:3 Jorgrun


Innate Abilities, Weirdness & Mutations

You have claws for hands.
You are completely covered in iridescent scales. (AC +6)
A powerful demonic guardian rushes to your aid.
Your flesh is heat resistant. (rF+)
Your demonic aura causes spilled blood to erupt in flames.
You are immune to clouds of flame.
You have very sharp teeth.
You have hoof-like feet.
You have a pair of horns on your head.
Scrolls take you a little longer to read.
You possess an exceptional clarity of mind.
Your magical capacity is low. (-10% MP)
You are resistant to hostile enchantments. (MR+)
Your system is resistant to poisons. (rPois)
You regenerate slowly when monsters are visible.
Your muscles are strong. (Str +2)
Your spells are much harder to cast, but much more powerful.


Message History

The war gargoyle barely misses you.
You riposte.
You carve the war gargoyle like a ham!!!
You destroy the war gargoyle!
Trog accepts your kill. The fire giant casts a spell at you.
The fireball explodes!
The fireball engulfs you!
* * * LOW HITPOINT WARNING * * *
Unknown command.
Unknown command.
Unknown command.
Your balrug hits the tentacled monstrosity with a demon whip of venom!
The tentacled monstrosity is engulfed in flames!
The tentacled monstrosity resists.
The sphinx casts a spell.
Something smites you!
* * * LOW HITPOINT WARNING * * *
Your balrug completely misses the tentacled monstrosity.
The sphinx casts a spell.
Something smites you!
You die...

#[..#...#...#...#..
##.#c#.#.#%#.#.#.#.
##..C#...#.()#...#
##.#.#H#.#.#φ#.#.#
#|..#.e2#...#)).#
##.#.#.#.#.#.#[#.#
##...#..X#...#..
##.#.#.#.#.#.#.#.#
#....#...#...#..@#...#..
#....##.#.#.#.#.#.#.#.#.#
#....###...#...#...#...#..
#....##.#.#.#.#.#.#.#.#.#.
#....#)..#...#...#...#.
#....##.#.#.#.#.#.#.#.#
#....#.#...#...#...#...#
%.....(.#}###:###}## ##
.......##### ## ##


You could see a tentacled monstrosity, a fire giant, a sphinx, a yaktaur
captain, a deep elf mage and a friendly balrug.

Vanquished Creatures
  Margery (Vaults:4)
  A mutant beast (WizLab)
  5 tentacled monstrosities
  Asterion (Spider:3)
  A deep elf blademaster (Elf:3)
  A deep elf master archer (Elf:3)
  The ghost of rlgrobin the Tortoise, an adept FoFi of Cheibriados (Spider:4)
  A shadow dragon (Vaults:4)
  3 krakens
  The ghost of Arkorax the Severer, an adept HOFi of Okawaru (Spider:2)
  A tengu reaver (Vaults:4)
  3 storm dragons
  2 frost giants
  An azure jelly (Lair:5)
  6 deep elf sorcerers
  A fire giant (Vaults:4)
  9 vault wardens
  An iron dragon (Vaults:4)
  Aizul (Spider:2)
  2 ghost moths
  8 emperor scorpions
  Louise (Lair:2)
  4 deep elf elementalists
  7 very ugly things
  7 ironheart preservers
  3 entropy weavers
  2 war gargoyles
  3 stone giants
  3 deep elf demonologists
  A dire elephant (Lair:6)
  2 deep elf annihilators (Elf:3)
  2 ettins
  3 merfolk javelineers (Shoals:4)
  A deep elf death mage (Elf:2)
  5 merfolk impalers
  A fire dragon (Vaults:4)
  12 yaktaur captains
  3 great orbs of eyes
  3 deep elf high priests
  A rakshasa (D:15)
  28 vault guards
  3 hydras
  2 ice dragons (Vaults:4)
  A catoblepas (Lair:5)
  3 death knights
  4 centaur warriors
  9 dancing weapons
  2 tengu warriors (D:14)
  4 death yaks
  A merfolk aquamancer (Shoals:1)
  The ghost of bezhaha the Zephyrmancer, a journeyman DgWz (D:12)
  3 satyrs (Shoals:4)
  An orc high priest (Elf:2)
  6 ogre magi
  An iron golem (WizLab)
  13 deep elf knights
  5 skeletal warriors
  A deep troll (shapeshifter) (WizLab)
  5 deep trolls
  5 hell knights (Vaults:4)
  A giant orange brain (shapeshifter) (WizLab)
  7 sea snakes
  2 wizards
  A sea snake (shapeshifter) (WizLab)
  A swamp dragon (shapeshifter) (WizLab)
  2 flayed ghosts
  2 giant orange brains
  2 unseen horrors
  2 hill giants (D:15)
  8 harpies
  10 ironbrand convokers
  3 necromancers
  9 deep elf archers
  3 orc knights
  A harpy (shapeshifter) (WizLab)
  11 orb spiders
  3 orc sorcerers
  16 fauns
  A lindwurm (Lair:6)
  An orb spider (shapeshifter) (WizLab)
  48 deep elf magi
  A shining eye (Lair:5)
  5 hornets
  A mana viper (shapeshifter) (WizLab)
  11 griffons
  2 hornets (shapeshifter) (WizLab)
  2 manticores
  22 wolf spiders
  20 ugly things
  A manticore (shapeshifter) (WizLab)
  8 cyclopes
  2 moths of wrath
  A black mamba (shapeshifter) (WizLab)
  4 black mambas
  15 sirens
  7 elephants
  An eye of devastation (shapeshifter) (D:15)
  2 torpor snails (Spider:1)
  4 water nymphs
  3 gargoyles
  7 vault sentinels
  10 spiny frogs
  A rime drake (Lair:5)
  8 komodo dragons
  2 yaktaurs (shapeshifter)
  A kobold demonologist (Elf:1)
  3 rime drakes (shapeshifter)
  4 freezing wraiths
  A komodo dragon (shapeshifter) (WizLab)
  25 yaktaurs
  13 demonic crawlers
  3 trolls
  14 merfolk
  2 trolls (shapeshifter) (WizLab)
  2 tengu conjurers (D:13)
  A jumping spider (shapeshifter) (WizLab)
  28 jumping spiders
  A meliai (shapeshifter) (WizLab)
  A queen bee (Lair:3)
  A polar bear (Lair:6)
  6 boulder beetles
  7 large abominations (WizLab)
  A two-headed ogre (shapeshifter) (Vaults:4)
  24 slime creatures
  19 two-headed ogres
  A wind drake (shapeshifter) (WizLab)
  10 blink frogs
  A meliai zombie (D:12)
  3 wind drakes
  A hornet zombie (Vaults:1)
  6 snapping turtles
  2 spriggans (shapeshifter)
  3 air elementals
  57 redbacks
  4 water elementals
  7 fire elementals
  2 shadows
  4 wyverns
  24 tarantellas
  2 tarantellas (shapeshifter)
  2 wraiths
  24 yaks
  3 basilisks
  A human (shapeshifter) (WizLab)
  A yak (shapeshifter) (WizLab)
  4 hungry ghosts
  3 golden eyes (shapeshifter)
  14 hippogriffs
  An ogre zombie (Vaults:1)
  4 wargs
  A soldier ant (shapeshifter) (WizLab)
  A mottled dragon (D:11)
  15 water moccasins
  3 giant eyeballs (WizLab)
  6 porcupines
  4 sky beasts
  A black bear (shapeshifter) (WizLab)
  2 ice beasts
  19 orc warriors
  3 black bears
  2 eyes of draining
  2 phantoms
  3 necrophages
  A wasp (Spider:2)
  3 boggarts
  A boggart (shapeshifter) (Vaults:1)
  An eye of draining (shapeshifter) (WizLab)
  42 ogres
  20 wolves
  9 centaurs
  12 crocodiles
  Blork the orc (D:4)
  A yaktaur zombie (Vaults:1)
  2 elf zombies (Ossuary)
  21 giant frogs
  7 earth elementals
  4 scorpions
  6 small abominations (WizLab)
  A water moccasin skeleton (D:8)
  34 killer bees
  9 wights
  3 electric eels
  5 howler monkeys
  5 crimson imps
  A centaur zombie (D:10)
  A wasp zombie (D:9)
  4 jellies
  2 giant frog zombies
  5 hounds
  A human zombie (Ossuary)
  6 orc priests
  5 centaur skeletons
  10 orc wizards
  9 iguanas
  12 worker ants
  11 sheep
  A big kobold zombie (Ossuary)
  5 hound skeletons
  5 mummies
  10 gnolls
  A worker ant zombie (D:5)
  19 adders
  24 river rats
  9 shadow imps
  3 oozes
  4 worms
  2 dart slugs (D:1)
  4 giant geckos
  61 orcs
  5 giant cockroaches
  6 hobgoblins
  17 jackals
  6 kobolds
  3 quokkas
  4 ball pythons
  11 bats
  A giant gecko skeleton (D:4)
  A giant gecko zombie (D:5)
  5 giant newts
  8 goblins
  2 goblin zombies (D:6)
  A jackal skeleton (D:8)
  A jackal zombie (Ossuary)
  A kobold zombie (Ossuary)
  2 quokka skeletons (D:6)
  13 rats
  A fire vortex (Volcano)
  4 plants
  20 tentacles
1405 creatures vanquished.

Vanquished Creatures (collateral kills)
  Nikola (Elf:3)
  A golden dragon (Vaults:4)
  Arachne (Spider:2)
  A deep elf master archer (Elf:3)
  A deep elf blademaster (Elf:3)
  2 krakens (Shoals:2)
  Roxanne (Elf:1)
  Ilsuiw (Shoals:4)
  A deep elf elementalist (Elf:3)
  A vault warden (Vaults:3)
  A stone giant (Vaults:3)
  A very ugly thing (WizLab)
  Nessos (D:14)
  An entropy weaver (Spider:1)
  A deep elf annihilator (Elf:3)
  2 merfolk javelineers (Shoals:4)
  An ettin (Vaults:5)
  2 deep elf death magi
  5 slime creatures
  4 ogre magi (Orc:2)
  A deep elf high priest (Elf:3)
  Fannar (D:12)
  2 vault guards
  2 hydras
  A merfolk avatar (Shoals:2)
  3 merfolk aquamancers (Shoals:4)
  A death yak (Lair:6)
  A deep troll shaman (Lair:6)
  A deep elf knight (Elf:3)
  A sea snake (Shoals:3)
  2 deep elf archers
  A wizard (Vaults:3)
  2 griffons
  A wolf spider zombie (D:15)
  An ironbrand convoker (Vaults:3)
  2 harpies (Shoals:4)
  An orc knight (Orc:2)
  3 orb spiders
  5 ugly things
  2 fauns (Shoals:4)
  An orc sorcerer (Orc:1)
  A cyclops (D:13)
  3 wolf spiders
  9 deep elf magi
  An elephant (Lair:6)
  2 sirens (Shoals:4)
  2 black mambas
  Psyche (D:11)
  A spiny frog (Lair:5)
  2 water nymphs
  3 yaktaurs
  A torpor snail (Spider:2)
  A centaur skeleton (D:12)
  2 komodo dragons
  A freezing wraith (D:12)
  A jumping spider (Spider:3)
  5 merfolk (Shoals:4)
  2 trolls
  4 two-headed ogres (Orc:2)
  2 blink frogs
  A snapping turtle (Shoals:4)
  3 yaks
  A wraith (D:12)
  2 hippogriffs
  A hungry ghost (D:7)
  A giant eyeball (WizLab)
  5 orc warriors
  A sky beast (D:6)
  4 ice beasts
  A phantom (D:7)
  A necrophage (D:5)
  A wolf (Lair:3)
  15 ogres
  3 centaurs
  An elf zombie (Ossuary)
  A giant frog (D:6)
  A killer bee (Lair:3)
  An electric eel (Spider:3)
  A crimson imp (D:5)
  A giant frog zombie (D:5)
  2 human zombies (Ossuary)
  A jelly (D:5)
  2 orc priests
  4 orc wizards
  An iguana (D:7)
  2 hound zombies (Ossuary)
  A gnoll (D:5)
  2 shadow imps (D:6)
  An adder zombie (Ossuary)
  11 orcs
  A ball python (D:7)
  4 tentacles (Shoals:2)
187 creatures vanquished.

Vanquished Creatures (others)
  A fire giant (Vaults:4)
  A deep elf elementalist (Elf:2)
  A dancing weapon (Elf:2)
  2 orb spiders (Spider:4)
  A tarantella (Spider:2)
  A redback (Spider:2)
  A boggart (Vaults:1)
  8 fungi
  37 plants
  118 tentacles
171 creatures vanquished.

Grand Total: 1763 creatures vanquished

Notes
Turn   | Place    | Note
-------+----------+-------------------------------------------
     0 | D:1      | Deemzul the Demonspawn Berserker began the quest for the Orb.
     0 | D:1      | Reached XP level 1. HP: 18/18 MP: 1/1
   103 | D:1      | Reached skill level 3 in Long Blades
   155 | D:1      | Gained mutation: You are partially covered in iridescent scales. (AC +2) [demonic ancestry]
   155 | D:1      | Reached XP level 2. HP: 12/24 MP: 2/2
   548 | D:1      | You fall through a shaft!
   568 | D:2      | Reached ** piety under Trog
   568 | D:2      | Gained mutation: A weak demonic guardian rushes to your aid. [demonic ancestry]
   568 | D:2      | Reached XP level 3. HP: 22/29 MP: 3/3
  1329 | D:2      | Reached XP level 4. HP: 27/35 MP: 4/4
  1773 | D:3      | Reached skill level 4 in Long Blades
  1947 | D:3      | Reached XP level 5. HP: 26/41 MP: 5/5
  2074 | D:3      | Reached *** piety under Trog
  2199 | D:3      | Noticed a phantom
  2266 | D:3      | Killed a phantom
  2532 | D:4      | Noticed Blork the orc
  2538 | D:4      | Killed Blork the orc
  2538 | D:4      | Reached skill level 5 in Long Blades
  2538 | D:4      | Gained mutation: A demonic guardian rushes to your aid. [demonic ancestry]
  2538 | D:4      | Reached XP level 6. HP: 37/48 MP: 6/6
  3372 | D:4      | Found Vyclicar's Gadget Shop.
  3647 | D:5      | Entered Level 5 of the Dungeon
  3694 | D:5      | Gained mutation: Your flesh is heat resistant. (rF+) [demonic ancestry]
  3694 | D:5      | Reached XP level 7. HP: 30/54 MP: 7/7
  3743 | D:5      | Reached skill level 6 in Long Blades
  4153 | D:5      | Found a staircase to the Ecumenical Temple.
  4221 | D:5      | Reached **** piety under Trog
  4539 | D:5      | Reached skill level 5 in Fighting
  4656 | D:5      | Found Baxu's Antique Armour Boutique.
  4664 | D:5      | Bought an ominously black robe for 165 gold pieces
  4674 | D:5      | Identified the cursed +1 robe "Laenull" {rC+ Int+3} (You bought it in a shop on level 5 of the Dungeon)
  4704 | D:5      | Reached XP level 8. HP: 35/61 MP: 8/8
  4940 | D:5      | Reached skill level 7 in Long Blades
  5193 | D:6      | Reached skill level 5 in Dodging
  5243 | D:6      | Gained mutation: You possess an exceptional clarity of mind. [mutagenic meat]
  5246 | D:6      | Gained mutation: You are robust. (+10% HP) [mutagenic meat]
  5249 | D:6      | Gained mutation: Your mind is acute. (Int +2) [mutagenic meat]
  5252 | D:6      | Lost mutation: Your mind is acute. (Int +2) [mutagenic meat]
  5258 | D:6      | Gained mutation: You are somewhat resistant to further mutation. [mutagenic meat]
  5262 | D:6      | Found a sand-covered staircase.
  5346 | Ossuary  | Entered an ossuary
  5720 | D:6      | Reached ***** piety under Trog
  5760 | D:6      | Reached skill level 8 in Long Blades
  6148 | D:6      | Reached XP level 9. HP: 74/74 MP: 9/9
  7334 | D:7      | Reached skill level 9 in Long Blades
  7450 | D:7      | Gained mutation: You have large cloven feet. [mutagenic meat]
  7456 | D:7      | Gained mutation: You passively map a small area around you. [mutagenic meat]
  8803 | D:8      | Found Fyijitwyat's Food Shop.
  8877 | D:8      | Reached XP level 10. HP: 68/86 MP: 10/10
  9191 | D:8      | Received a gift from Trog
  9410 | D:9      | Found a staircase to the Orcish Mines.
  9425 | Orc:1    | Entered Level 1 of the Orcish Mines
  9426 | Orc:1    | Noticed an orc sorcerer
  9427 | Orc:1    | Paralysed by an orc sorcerer for 6 turns
  9435 | Orc:1    | Killed an orc sorcerer
  9709 | Orc:1    | Reached skill level 10 in Long Blades
  9812 | Orc:1    | Reached skill level 1 in Evocations
 10008 | Orc:1    | Found Dueshi Bais's Magic Scroll Emporium.
 10022 | Orc:1    | Bought a scroll of remove curse for 54 gold pieces
 10022 | Orc:1    | Bought a scroll of identify for 36 gold pieces
 10022 | Orc:1    | Bought a scroll of magic mapping for 63 gold pieces
 10031 | Orc:1    | Bought a scroll of enchant armour for 135 gold pieces
 10031 | Orc:1    | Bought a scroll of random uselessness for 18 gold pieces
 10140 | Orc:2    | Entered Level 2 of the Orcish Mines
 10140 | Orc:2    | Found a staircase to the Elven Halls.
 10483 | Orc:2    | Noticed an orc knight
 10498 | Orc:2    | Killed an orc knight
 10991 | Orc:2    | Noticed an ogre mage
 10992 | Orc:2    | Noticed an ogre mage
 10996 | Orc:2    | Noticed an ogre mage
 10996 | Orc:2    | Reached skill level 5 in Armour
 10997 | Orc:2    | Noticed an ogre mage
 10999 | Orc:2    | Killed an ogre mage
 11003 | Orc:2    | Killed an ogre mage
 11003 | Orc:2    | Gained mutation: You have sharp fingernails. [demonic ancestry]
 11003 | Orc:2    | Reached XP level 11. HP: 36/94 MP: 4/13
 11004 | Orc:2    | Killed an ogre mage
 11009 | Orc:2    | Reached skill level 11 in Long Blades
 11253 | Orc:2    | Reached ****** piety under Trog
 11254 | Orc:2    | Found Effuk's Food Shop.
 11257 | Orc:2    | Found Rajiecwel's Distillery.
 11257 | Orc:2    | Found Wyodi's Distillery.
 11257 | Orc:2    | Found Soiziux's General Store.
 11263 | Orc:2    | Received a gift from Trog
 11281 | Orc:2    | Bought a potion of mutation for 32 gold pieces
 11281 | Orc:2    | Bought a potion of heal wounds for 65 gold pieces
 11282 | Orc:2    | Bought a potion of might for 40 gold pieces
 11282 | Orc:2    | Bought a potion of cancellation for 80 gold pieces
 11283 | Orc:2    | Bought a scroll of silence for 90 gold pieces
 11283 | Orc:2    | Bought a potion of brilliance for 48 gold pieces
 11718 | Orc:2    | Noticed an orc sorcerer
 11725 | Orc:2    | Killed an orc sorcerer
 11931 | Orc:2    | Killed an ogre mage
 12097 | D:9      | Got a pair of fine boots
 12108 | D:9      | Identified the +0 pair of boots of the Jabberwock {rF- Str+7 Int+5} (You found it on level 9 of the Dungeon)
 12131 | D:9      | Found Zohyublu's Antique Armour Shoppe.
 12144 | D:9      | Bought a runed cloak for 130 gold pieces
 12242 | D:9      | Found a burning altar of Makhleb.
 12317 | D:9      | Found a staircase to the Lair.
 12364 | Lair:1   | Entered Level 1 of the Lair of Beasts
 12496 | Lair:1   | Received a gift from Trog
 12606 | Lair:1   | Reached skill level 5 in Evocations
 12639 | Lair:1   | Received a gift from Trog
 12691 | Lair:1   | Reached skill level 12 in Long Blades
 13081 | Lair:1   | Gained mutation: You are mostly covered in iridescent scales. (AC +4) [demonic ancestry]
 13081 | Lair:1   | Reached XP level 12. HP: 93/104 MP: 5/15
 13585 | Lair:2   | Found a dark tunnel.
 13602 | Volcano  | Entered a volcano
 13805 | Lair:2   | Lost mutation: You are somewhat resistant to further mutation. [potion of cure mutation]
 13805 | Lair:2   | Lost mutation: You are robust. (+10% HP) [potion of cure mutation]
 13805 | Lair:2   | Lost mutation: You passively map a small area around you. [potion of cure mutation]
 14087 | Lair:2   | Found a staircase to the Shoals.
 15280 | Lair:3   | Found a hole to the Spider Nest.
 16161 | Lair:3   | Reached skill level 13 in Long Blades
 16236 | Lair:3   | Gained mutation: You are completely covered in iridescent scales. (AC +6) [demonic ancestry]
 16236 | Lair:3   | Reached XP level 13. HP: 49/103 MP: 6/18
 16643 | Spider:1 | Entered Level 1 of the Spider Nest
 17885 | Lair:5   | Reached skill level 10 in Fighting
 17895 | Lair:5   | Found a staircase to the Slime Pits.
 17895 | Lair:5   | Found a viscous altar of Jiyva.
 18801 | Lair:6   | Entered Level 6 of the Lair of Beasts
 19881 | Lair:6   | Noticed a dire elephant
 19913 | Lair:6   | Killed a dire elephant
 20034 | Lair:6   | Received a gift from Trog
 20037 | Lair:6   | Identified a scroll of acquirement
 20075 | Lair:6   | Reached skill level 10 in Dodging
 20526 | Elf:1    | Entered Level 1 of the Elven Halls
 20559 | Elf:1    | Reached skill level 14 in Long Blades
 20701 | Elf:1    | Noticed Roxanne
 20712 | Elf:1    | Killed Roxanne
 20713 | Elf:1    | Identified Roxanne's Almanac of Shape Shifting (You took it off Roxanne on level 1 of the Elven Halls)
 20871 | Elf:1    | Reached XP level 14. HP: 111/111 MP: 6/20
 20996 | D:10     | Entered Level 10 of the Dungeon
 21100 | D:10     | Found a shimmering altar of Xom.
 21401 | D:10     | Gained mutation: Your body sometimes deteriorates upon taking damage. [mutagenic meat]
 21407 | D:10     | Gained mutation: You passively map a small area around you. [mutagenic meat]
 21410 | D:10     | Gained mutation: You regenerate slowly when monsters are visible. [mutagenic meat]
 21413 | D:10     | Gained mutation: Your system is resistant to poisons. (rPois) [mutagenic meat]
 21416 | D:10     | Gained mutation: You are robust. (+10% HP) [mutagenic meat]
 21640 | D:11     | Received a gift from Trog
 21940 | D:11     | Noticed Psyche
 21948 | D:11     | Killed Psyche
 21965 | D:11     | Gained mutation: You are clumsy. (Dex -2) [mutagenic meat]
 22101 | D:11     | Found a shadowy altar of Dithmenos.
 22337 | D:12     | Noticed bezhaha's ghost (journeyman DgWz)
 22341 | D:12     | Killed bezhaha's ghost
 22350 | D:12     | Noticed Fannar
 22358 | D:12     | Killed Fannar
 22402 | D:12     | Noticed Sonja
 23832 | D:13     | Received a gift from Trog
 24150 | D:13     | You fall through a shaft for 2 floors!
 24150 | D:15     | Entered Level 15 of the Dungeon
 24254 | D:14     | Gained mutation: Your mind is acute. (Int +2) [mutagenic meat]
 24257 | D:14     | Gained mutation: You have hoof-like feet. [mutagenic meat]
 24260 | D:14     | Gained mutation: Your muscles are strong. (Str +2) [mutagenic meat]
 24339 | D:14     | Reached skill level 15 in Long Blades
 24546 | D:14     | Noticed Nessos
 24553 | D:14     | Killed Nessos
 24640 | D:14     | Found a gate to the Vaults.
 25637 | Shoals:1 | Entered Level 1 of the Shoals
 25637 | Shoals:1 | Noticed Louise
 25662 | Lair:2   | Killed Louise
 25662 | Lair:2   | Reached skill level 10 in Armour
 25662 | Lair:2   | Reached XP level 15. HP: 108/129 MP: 22/22
 25813 | Lair:2   | Received a gift from Trog
 26249 | Shoals:1 | Noticed a kraken
 26268 | Shoals:1 | Killed a kraken
 26437 | Shoals:1 | Found Nagi's Armour Shoppe.
 26473 | Shoals:2 | Noticed a kraken
 26473 | Shoals:2 | Noticed a kraken
 26473 | Shoals:2 | Noticed a kraken
 26473 | Shoals:2 | Noticed a kraken
 26778 | Shoals:2 | Killed a kraken
 26786 | Shoals:2 | Killed a kraken
 26786 | Shoals:2 | Received a gift from Trog
 26786 | Shoals:2 | Killed a kraken
 26794 | Shoals:2 | Killed a kraken
 27124 | Shoals:1 | Found Ihialug's General Store.
 27234 | Shoals:1 | Reached skill level 10 in Evocations
 27293 | Shoals:1 | Found Kudedeplis's Magic Scroll Shop.
 27577 | Shoals:1 | Found Avikka's Armour Shoppe.
 27934 | Shoals:3 | Received a gift from Trog
 28075 | Shoals:4 | Entered Level 4 of the Shoals
 28178 | Shoals:4 | Paralysed by a Zot trap for 2 turns
 28186 | Shoals:4 | Found Jopoin's Distillery.
 28518 | Shoals:4 | Noticed Ilsuiw
 28733 | Shoals:4 | Killed Ilsuiw
 28856 | Shoals:4 | Identified Yprinuom's Handbook of Darkness
 28899 | Shoals:4 | Reached skill level 16 in Long Blades
 28899 | Shoals:4 | Gained mutation: You are immune to clouds of flame. [demonic ancestry]
 28899 | Shoals:4 | Reached XP level 16. HP: 140/140 MP: 23/23
 29368 | Shoals:3 | Received a gift from Trog
 29526 | Shoals:4 | Found Sianwimn's Magic Scroll Boutique.
 29530 | Shoals:4 | Found Dira's General Store.
 29764 | Shoals:4 | Found Asesei's Magic Scroll Boutique.
 29840 | Shoals:4 | Got a barnacled rune of Zot
 29873 | Shoals:4 | Identified the Collected Works on Creative Necromancy
 29901 | Shoals:4 | Found Visalosm's Gadget Shoppe.
 30453 | D:15     | Lost mutation: Your body sometimes deteriorates upon taking damage. [mutagenic meat]
 30462 | D:15     | Gained mutation: You have a pair of small horns on your head. [mutagenic meat]
 30468 | D:15     | Found a staircase to the Depths.
 30497 | D:15     | Gained mutation: Scrolls take you a little longer to read. [mutagenic meat]
 30511 | Depths:1 | Entered Level 1 of the Depths
 30934 | Elf:1    | Received a gift from Trog
 31468 | Elf:2    | Found a flickering gateway to a bazaar.
 31480 | Bazaar   | Entered a bazaar
 31480 | Bazaar   | Found Utigedgh's Antique Armour Boutique.
 31480 | Bazaar   | Found Kigi's Gadget Shop.
 31480 | Bazaar   | Found Popuin's Antique Weapon Shop.
 31480 | Bazaar   | Found Gesoer's Food Boutique.
 31678 | Elf:2    | Received a gift from Trog
 31913 | Elf:2    | Gained mutation: You have very sharp fingernails. [demonic ancestry]
 31913 | Elf:2    | Reached XP level 17. HP: 149/149 MP: 25/25
 32236 | Elf:3    | Entered Level 3 of the Elven Halls
 32282 | Elf:3    | Found Ysi Kutz's Book Emporium.
 32718 | Elf:3    | Reached skill level 17 in Long Blades
 32779 | Elf:3    | Noticed a deep elf master archer
 32794 | Elf:3    | Killed a deep elf master archer
 33079 | Elf:3    | Received a gift from Trog
 33104 | Elf:3    | Noticed a deep elf blademaster
 33109 | Elf:3    | Noticed Jorgrun
 33260 | Elf:2    | Received a gift from Trog
 33263 | Elf:2    | Got an ivory great sword {god gift}
 33265 | Elf:2    | Identified the +5 great sword "Zasix" {venom, rElec rF+ rN++ Dex-5} (Trog gifted it to you on level 2 of the Elven Halls)
 33312 | Elf:3    | Noticed Nikola
 33332 | Elf:3    | Killed Nikola
 33659 | Elf:3    | Killed a deep elf blademaster
 33719 | Elf:3    | Noticed a deep elf master archer
 33719 | Elf:3    | Noticed a deep elf blademaster
 33726 | Elf:3    | Killed a deep elf blademaster
 33727 | Elf:3    | Killed a deep elf master archer
 34977 | Spider:2 | Noticed Aizul
 35258 | Spider:2 | Lost mutation: You possess an exceptional clarity of mind. [mutagenic meat]
 35273 | Spider:2 | Noticed Arkorax's ghost (adept HOFi)
 35286 | Spider:2 | Killed Arkorax's ghost
 35420 | Spider:2 | Killed Aizul
 35435 | Spider:2 | Lost mutation: You have a pair of small horns on your head. [mutagenic meat]
 35438 | Spider:2 | Gained mutation: You are resistant to hostile enchantments. (MR+) [mutagenic meat]
 35444 | Spider:2 | Gained mutation: Your spells are a little harder to cast, but a little more powerful. [mutagenic meat]
 35562 | Spider:2 | Noticed Arachne
 35568 | Spider:2 | Killed Arachne
 35568 | Spider:2 | Gained mutation: Your demonic aura causes spilled blood to erupt in flames. [demonic ancestry]
 35568 | Spider:2 | Reached XP level 18. HP: 160/160 MP: 27/27
 35772 | Spider:3 | Noticed Asterion
 35786 | Spider:3 | Killed Asterion
 36319 | Spider:4 | Entered Level 4 of the Spider Nest
 36319 | Spider:4 | Noticed rlgrobin's ghost (adept FoFi)
 36342 | Spider:4 | Killed rlgrobin's ghost
 36342 | Spider:4 | Received a gift from Trog
 36419 | Spider:4 | Reached skill level 18 in Long Blades
 37383 | Spider:4 | Got a gossamer rune of Zot
 37820 | Spider:1 | Received a gift from Trog
 37896 | Spider:1 | Gained mutation: You have a pair of small horns on your head. [potion of beneficial mutation]
 37897 | Spider:1 | Gained mutation: Your spells are harder to cast, but more powerful. [potion of beneficial mutation]
 37898 | Spider:1 | Gained mutation: Your spells are much harder to cast, but much more powerful. [potion of beneficial mutation]
 37997 | Slime:1  | Entered Level 1 of the Pits of Slime
 38005 | Slime:1  | Gained mutation: Your magical capacity is low. (-10% MP) [a shining eye]
 38014 | Lair:5   | Lost mutation: You are robust. (+10% HP) [a shining eye]
 38016 | Lair:5   | Gained mutation: Your body sometimes deteriorates upon taking damage. [a shining eye]
 38400 | Vaults:1 | Entered Level 1 of the Vaults
 38508 | Vaults:1 | Found Usog's Book Emporium.
 38757 | Vaults:1 | Received a gift from Trog
 38793 | Vaults:1 | Reached XP level 19. HP: 112/153 MP: 26/26
 38954 | Vaults:1 | Found Titila's Assorted Antiques.
 39408 | Vaults:1 | Received a gift from Trog
 39769 | Shoals:1 | Bought the +16 crystal plate armour of the Heron {+Fly rElec MR+} for 2241 gold pieces
 40023 | Vaults:1 | Found Ujueneol's Jewellery Shoppe.
 40462 | Vaults:3 | Reached skill level 15 in Fighting
 40595 | Vaults:3 | Received a gift from Trog
 40752 | Vaults:3 | Reached skill level 19 in Long Blades
 40966 | Vaults:4 | Found a magical portal.
 41006 | WizLab   | Entered Cigotuvi's Fleshworks
 41123 | WizLab   | Lost mutation: Your mind is acute. (Int +2) [mutagenic meat]
 41126 | WizLab   | Lost mutation: Your body sometimes deteriorates upon taking damage. [mutagenic meat]
 41174 | WizLab   | Identified Cigotuvi's Tome of Unholy Moulding
 41206 | WizLab   | Received a gift from Trog
 41216 | WizLab   | Lost mutation: You passively map a small area around you. [mutagenic meat]
 41225 | WizLab   | Lost mutation: You are clumsy. (Dex -2) [mutagenic meat]
 41265 | WizLab   | Gained mutation: You have a pair of horns on your head. [potion of beneficial mutation]
 41266 | WizLab   | Gained mutation: You have very sharp teeth. [potion of beneficial mutation]
 41267 | WizLab   | Gained mutation: You possess an exceptional clarity of mind. [potion of beneficial mutation]
 41426 | WizLab   | Paralysed by a giant eyeball for 4 turns
 41466 | WizLab   | Got a fine copper amulet
 41475 | WizLab   | Identified the amulet "Jizocudd" {Spirit +Blink Stlth+} (You found it in a wizard's laboratory)
 41481 | WizLab   | Paralysed by a giant eyeball for 3 turns
 41868 | Vaults:4 | Gained mutation: You have claws for hands. [demonic ancestry]
 41868 | Vaults:4 | Reached XP level 20. HP: 160/163 MP: 27/27
 41978 | Vaults:4 | Received a gift from Trog
 42188 | Vaults:4 | Noticed Margery
 42198 | Vaults:4 | Killed Margery
 42922 | Vaults:5 | Entered Level 5 of the Vaults
 42946 | Vaults:4 | Received a gift from Trog
 43417 | Vaults:5 | Noticed a golden dragon
 43440 | Vaults:4 | Killed a golden dragon
 43786 | Vaults:5 | Gained mutation: A powerful demonic guardian rushes to your aid. [demonic ancestry]
 43786 | Vaults:5 | Reached XP level 21. HP: 168/172 MP: 28/28
 43822 | Vaults:5 | HP: 8/173 [sphinx/divine providence (12)]
 43822 | Vaults:5 | Killed from afar by a sphinx

Vault maps used:
D:1:      lightli_arrival_flooded_house, hangedman_abyss_or_decor_lesser_grid,
          minmay_pentomino_s4
D:3:      minmay_randomly_rotated_circles
D:4:      serial_shops, nicolae_shop_trees, uniq_blork_the_orc
D:5:      first_bread, serial_shops, shop, minivault_24, st_stairs_6,
          serial_bayou_pond_b
D:6:      kennysheep_big_flooded_room, nicolae_ossuary_entry_giza,
          feat_on_display
D:7:      minmay_opposing_rooms, grunt_ogre_cave
D:8:      serial_shops, shop
D:9:      overflow_temple_1_default, due_lair_maze_entry_diamond, orc_0_dummy,
          serial_shops, nicolae_shop_stone
D:10:     basic_altar
D:11:     grunt_dithmenos_shadows, uniq_psyche
D:12:     uniq_sonja, uniq_fannar
D:13:     nrook_mini_vaults
D:14:     david_vaults_1, uniq_nessos
D:15:     gammafunk_enter_depths_forms, wad_floor_pattern_2
Lair:1:   infiniplex_staircase_pool, lemuel_fruit_fields
Lair:2:   minmay_guarded_unrand_snakebite, elwin_shoals_entry_rooms,
          nicolae_volcano_entry_hallway, infiniplex_staircase_pool_2,
          serial_bayou_shore_b, grunt_megastairs_2
Lair:3:   regret_index_combs_of_tragedy, dummy_spider_entry
Lair:4:   serial_bayou_shore_b, grunt_megastairs_3
Lair:5:   slime_altar_1, minivault_25, lemuel_fruit_fields
Lair:6:   grunt_lair_end_beastmaster
Shoals:1: serial_shops, shop, nicolae_shop_stone, shop,
          nicolae_shop_statue_plus, nicolae_shoals_kraken_intersection,
          uniq_louise
Shoals:2: nicolae_shoals_kraken_party, uniq_polyphemus
Shoals:3: lemuel_oklob_altar
Shoals:4: shoals_end_grunt_garden, shoals_ilsuiw_ice, serial_shops, shop,
          nicolae_shop_crystal, shop, nicolae_shop_crystal,
          nicolae_shop_window_shopping
Spider:2: uniq_arachne, uniq_aizul
Spider:3: spider_trap, uniq_asterion
Spider:4: grunt_spider_rune_circles
Orc:1:    serial_shops, shop
Orc:2:    st_orc_ogre_mass
Elf:1:    hangedman_elf_disciples, spider_trap, small_statue_intersection,
          grunt_megastairs_5, uniq_roxanne
Elf:2:    serial_shops, bzr_entry_road
Elf:3:    minmay_elf_hall_spiked, serial_shops, shop, uniq_nikola, uniq_jorgrun
Vaults:1: nicolae_vaults_network_periphery, nicolae_vaults_shelves_hall,
          v_misc_32, nicolae_vaults_angled_halls, grunt_vaults_diagonal,
          nicolae_vaults_border_crossing, serial_shops, shop, shop,
          nicolae_shop_competitors_out_of_business
Vaults:2: v_misc_23, nicolae_vaults_stairing_the_circle, v_misc_5,
          vaults_dpeg_cross, nicolae_vaults_network_star,
          nicolae_vaults_three_branches, vaults_room_pool,
          nicolae_vaults_specimen_jars, v_misc_13, v_misc_15,
          nicolae_vaults_little_squares_1, nicolae_vaults_murderbox,
          hangedman_vaults_capsules
Vaults:3: v_misc_1, v_alt_pattern_5, v_misc_17, minmay_crypt_entry_necro_gods,
          v_pattern_3, nicolae_vaults_triangles, ontoclasm_vaults_misaligned,
          nicolae_vaults_little_squares_4, grunt_vaults_funnel
Vaults:4: ontoclasm_vaults_shuriken, ontoclasm_vaults_hangar,
          nicolae_vaults_yaktaur_gun_rack, v_misc_16, st_more_cells,
          hangedman_vaults_slither, vaults_room_door_hall,
          lightli_enter_wizlab_magi_temple, uniq_margery
Depths:1: pf_hell_entry_great_geh, minmay_room_of_horrors,
          kennysheep_crisscross, minmay_st_funbox, minivault_16,
          corexii_corridor_pit, kennysheep_four_rooms
Bazaar:   bazaar_minmay_generic_box
Ossuary:  ossuary_minmay_tomb_2a
Volcano:  volcano_aerie
WizLab:   wizlab_cigotuvi

Skill      XL: |  1  2  3  4  5  6  7  8  9 10 11 12 13 14 15 16 17 18 19 20 |
---------------+-------------------------------------------------------------+-----
Dodging        | 2 3 4 5 6 7 8 9 10 11 12 13 14 | 14.9
Long Blades    | 3 4 5 6 8 9 10 12 13 14 15 16 17 18 19 | 19.6
Fighting       | 4 5 6 7 8 9 10 11 12 13 14 15 16 | 16.8
Armour         | 3 5 6 7 8 10 11 12 13 14 | 14.5
Evocations     | 3 5 6 8 9 10 11 12 13 14 | 14.9

Action                   |  1- 3 |  4- 6 |  7- 9 | 10-12 | 13-15 | 16-18 | 19-21 || total
-------------------------+-------+-------+-------+-------+-------+-------+-------++-------
Melee: Falchion          |   132 |   288 |   443 |       |       |       |       ||   863
       Dagger            |       |       |   226 |    17 |       |       |       ||   243
       Great sword       |       |       |       |   482 |   809 |  1434 |   864 ||  3589
       Triple sword      |       |       |       |   183 |   589 |       |       ||   772
       Kick              |       |       |       |    15 |       |       |       ||    15
       Whip              |       |       |       |    12 |       |       |       ||    12
       Scimitar          |       |       |       |       |    21 |       |       ||    21
       Headbutt          |       |       |       |       |       |   263 |   326 ||   589
       Bite              |       |       |       |       |       |       |   106 ||   106
Invok: Berserk           |     2 |     2 |     3 |     1 |     3 |     4 |     1 ||    16
       Trog's Hand       |       |     1 |     2 |     4 |     4 |     3 |     1 ||    15
       Brothers in Arms  |       |       |       |     1 |     3 |     7 |     1 ||    12
 Abil: Evoke Berserk Rag |       |       |       |     1 |       |       |       ||     1
Evoke: Wand              |       |       |     1 |     4 |     2 |       |       ||     7
       Lamp of fire      |       |       |       |       |     2 |     3 |       ||     5
       Sack of spiders   |       |       |       |       |     2 |       |       ||     2
       Rod               |       |       |       |       |       |     1 |       ||     1
  Use: Scroll            |       |     1 |       |    11 |     6 |     5 |     2 ||    25
       Potion            |       |       |     7 |     4 |     1 |     5 |     4 ||    21
 Stab: Sleeping          |     2 |     1 |       |     4 |     4 |       |       ||    11
       Distracted        |       |       |     4 |     3 |     9 |     7 |     3 ||    26
       Invisible         |       |       |     1 |       |       |       |       ||     1
  Eat: Chunk             |     4 |     8 |    37 |    29 |    57 |    41 |    25 ||   201
       Fruit             |       |       |     1 |     1 |     1 |     1 |       ||     4
       Bread ration      |       |       |       |       |     1 |     2 |       ||     3
       Beef jerky        |       |       |       |       |     1 |       |       ||     1
       Meat ration       |       |       |       |       |       |     1 |       ||     1
       Pizza             |       |       |       |       |       |       |     1 ||     1
Armor: Animal skin       |    32 |    57 |    12 |       |       |       |       ||   101
       Robe              |       |       |   132 |   103 |    20 |       |       ||   255
       Troll leather arm |       |       |       |       |   189 |       |       ||   189
       Chain mail        |       |       |       |       |   244 |   237 |       ||   481
       Crystal plate arm |       |       |       |       |       |   616 |   513 ||  1129
Dodge: Dodged            |    74 |   152 |   334 |   471 |  1084 |   999 |   549 ||  3663
